| TOP OF THE 1ST |
|
Lakewood BlueClaws batting - Pitching for Great Lakes Loons : RHP Adonis Loyd
|
|
Pitching: RHP Adonis Loyd
|
|
|
Batting: RHB Steve Jones
|
0-0: Swinging Strike 0-1: Foul Ball, location: 2F 0-2: Foul Ball, location: 2F 0-2: Ball 1-2: Foul Ball, location: 2F 1-2: Strikes out swinging
|
|
Batting: RHB Alberto Ramirez
|
0-0: Swinging Strike 0-1: Ball 1-1: Swinging Strike 1-2: Ball 2-2: Strikes out looking
|
|
Batting: SHB Bob Dixon
|
0-0: Called Strike 0-1: SINGLE (Line Drive, 78S, EV 96.9 MPH)
|
|
Batting: RHB Victor Arroyo
|
0-0: Ball 1-0: Called Strike 1-1: Ball 2-1: Called Strike 2-2: Foul Ball, location: 2F 2-2: Ball 3-2: SINGLE (Line Drive, 8LM, EV 86.9 MPH) Bob Dixon to second Bob Dixon to third
|
|
Batting: RHB Danny Krug
|
0-0: Ball 1-0: Ground out 4-3 (Groundball, 34, EV 103.8 MPH)
|
| Top of the 1st over - 0 runs, 2 hits, 0 errors, 2 left on base; Lakewood 0 - Great Lakes 0 |
| BOTTOM OF THE 1ST |
|
Great Lakes Loons batting - Pitching for Lakewood BlueClaws : RHP William-Floyd Goof
|
|
Pitching: RHP William-Floyd Goof
|
|
|
Batting: RHB Ken Jenkins
|
0-0: Ground out 1-3 (Groundball, 34S, EV 67.5 MPH)
|
|
Batting: RHB Alex Mejia
|
0-0: Called Strike 0-1: Ball 1-1: Foul Ball, location: 2F 1-2: Ball 2-2: Strikes out looking
|
|
Batting: LHB Antonio Luis
|
0-0: Ground out 4-3 (Groundball, 4, EV 85.6 MPH)
|
| Bottom of the 1st over - 0 runs, 0 hits, 0 errors, 0 left on base; Lakewood 0 - Great Lakes 0 |
| TOP OF THE 2ND |
|
Lakewood BlueClaws batting - Pitching for Great Lakes Loons : RHP Adonis Loyd
|
|
Batting: RHB Kyle Morse
|
0-0: Foul Ball, location: 2F 0-1: Called Strike 0-2: Ball 1-2: Foul Ball, location: 2F 1-2: SINGLE (Groundball, 4D, EV 101.9 MPH)
|
|
Batting: LHB Troy Hodge
|
0-0: SINGLE (Line Drive, 9S, EV 95.0 MPH) Kyle Morse to second Runner from 2nd tries for 3rd, SAFE, no throw by RF
|
|
Batting: RHB Pablo Lopez
|
0-0: Called Strike 0-1: Swinging Strike 0-2: Strikes out swinging
|
|
Batting: RHB Pedro Mata
|
0-0: Called Strike 0-1: Ball 1-1: Ball 2-1: Ball 3-1: Called Strike 3-2: SINGLE (Line Drive, 9S, EV 96.9 MPH) Kyle Morse scores Troy Hodge to second
|
|
Batting: RHB Steve Jones
|
0-0: Ball 1-0: Foul Ball, location: 2F 1-1: Called Strike 1-2: Foul Ball, location: 2F 1-2: Ball 2-2: Foul Ball, location: 2F 2-2: SINGLE (Groundball, 6MD, EV 104.4 MPH) Troy Hodge to third Pedro Mata to second Runner from 3rd tries for Home, throw by CF and OUT! 8-2
|
|
Batting: RHB Alberto Ramirez
|
0-0: SINGLE (Line Drive, 3D, EV 93.8 MPH) Pedro Mata to third Steve Jones to second Runner from 3rd tries for Home, SAFE, throw by RF to home
|
|
Pitching: RHP Jeremy Stock
|
|
|
Batting: SHB Bob Dixon
|
0-0: Fly out, F9 (Flyball, 9LS, EV 87.5 MPH)
|
| Top of the 2nd over - 2 runs, 5 hits, 0 errors, 2 left on base; Lakewood 2 - Great Lakes 0 |
| BOTTOM OF THE 2ND |
|
Great Lakes Loons batting - Pitching for Lakewood BlueClaws : RHP William-Floyd Goof
|
|
Batting: RHB Mike Sims
|
0-0: Swinging Strike 0-1: Ball 1-1: Ball 2-1: Ball 3-1: SOLO HOME RUN (Flyball, 89XD, EV 115.0 MPH), Distance : 426 ft
|
|
Batting: LHB Jim Chalk
|
0-0: Called Strike 0-1: Fly out, F8 (Flyball, 8RD, EV 88.1 MPH)
|
|
Batting: LHB Alberto Chavez
|
0-0: Ball 1-0: Called Strike 1-1: Ball 2-1: Ball 3-1: Base on Balls
|
|
Batting: RHB Phil Knox
|
0-0: Ball 1-0: Swinging Strike 1-1: Foul Ball, location: 2F 1-2: Fielders Choice at 2nd, 3-6 (Groundball, 34S, EV 90.6 MPH)
|
|
Batting: RHB Josh Kimbrell
|
0-0: Ball 1-0: Called Strike 1-1: Ball 2-1: Called Strike 2-2: Ground out 4-3 (Groundball, 4, EV 111.2 MPH)
|
| Bottom of the 2nd over - 1 run, 1 hit, 0 errors, 1 left on base; Lakewood 2 - Great Lakes 1 |
| TOP OF THE 3RD |
|
Lakewood BlueClaws batting - Pitching for Great Lakes Loons : RHP Jeremy Stock
|
|
Batting: RHB Victor Arroyo
|
0-0: Called Strike 0-1: Swinging Strike 0-2: Strikes out swinging
|
|
Batting: RHB Danny Krug
|
0-0: Ball 1-0: Ball 2-0: Fly out, F8 (Line Drive, 8RM, EV 95.6 MPH)
|
|
Batting: RHB Kyle Morse
|
0-0: Ball 1-0: Ball 2-0: Called Strike 2-1: Foul Ball, location: 2F 2-2: Ball 3-2: Strikes out swinging
|
| Top of the 3rd over - 0 runs, 0 hits, 0 errors, 0 left on base; Lakewood 2 - Great Lakes 1 |
| BOTTOM OF THE 3RD |
|
Great Lakes Loons batting - Pitching for Lakewood BlueClaws : RHP William-Floyd Goof
|
|
Batting: RHB Santos Guadalupe
|
0-0: Ball 1-0: Ground out U3 (Groundball, 3, EV 88.8 MPH)
|
|
Batting: RHB Ken Jenkins
|
0-0: Called Strike 0-1: Fly out, F7 (Line Drive, 7, EV 97.5 MPH)
|
|
Batting: RHB Alex Mejia
|
0-0: Ball 1-0: Foul Ball, location: 2F 1-1: Ball 2-1: TRIPLE (Line Drive, 8LD, EV 93.8 MPH)
|
|
Batting: LHB Antonio Luis
|
0-0: Ball 1-0: Called Strike 1-1: Fly out, F8 (Flyball, 89S, EV 76.9 MPH)
|
| Bottom of the 3rd over - 0 runs, 1 hit, 0 errors, 1 left on base; Lakewood 2 - Great Lakes 1 |
| TOP OF THE 4TH |
|
Lakewood BlueClaws batting - Pitching for Great Lakes Loons : RHP Jeremy Stock
|
|
Batting: LHB Troy Hodge
|
0-0: Called Strike 0-1: Foul Ball, location: 2F 0-2: Ball 1-2: Strikes out swinging
|
|
Batting: RHB Pablo Lopez
|
0-0: Ball 1-0: Swinging Strike 1-1: Ball 2-1: Ball 3-1: Foul Ball, location: 2F 3-2: Base on Balls
|
|
Batting: RHB Pedro Mata
|
0-0: Foul Ball, location: 2F 0-1: Foul Ball, location: 2F 0-2: SINGLE (Groundball, 34D, EV 96.2 MPH) Pablo Lopez to second Runner from 2nd tries for 3rd, SAFE, throw by RF made to third Pedro Mata to second
|
|
Batting: RHB Steve Jones
|
0-0: Ball 1-0: Ball 2-0: Called Strike 2-1: Ball 3-1: Called Strike 3-2: SINGLE (Line Drive, 56, EV 94.4 MPH) Pablo Lopez scores Pedro Mata to third
|
|
Batting: RHB Alberto Ramirez
|
0-0: Ball 1-0: Ball 2-0: Foul Ball, location: 2F 2-1: SINGLE (Line Drive, 9S, EV 98.1 MPH) Pedro Mata scores Steve Jones to second
|
|
Batting: SHB Bob Dixon
|
0-0: 3-RUN HOME RUN (Flyball, 9D, EV 98.8 MPH), Distance : 372 ft
|
|
Pitching: RHP Mark McDonald
|
|
|
Batting: RHB Victor Arroyo
|
0-0: Foul Ball, location: 2F 0-1: Ball 1-1: Swinging Strike 1-2: Foul Ball, location: 2F 1-2: Ball 2-2: Ball 3-2: Foul Ball, location: 2F 3-2: Foul Ball, location: 2F 3-2: Foul Ball, location: 2F 3-2: Foul Ball, location: 2F 3-2: Foul Ball, location: 2F 3-2: Strikes out swinging
|
|
Batting: RHB Danny Krug
|
0-0: Foul Ball, location: 2F 0-1: Ball 1-1: Foul Ball, location: 2F 1-2: Ball 2-2: Foul Ball, location: 2F 2-2: Ground out 6-3 (Groundball, P, EV 87.5 MPH)
|
| Top of the 4th over - 5 runs, 4 hits, 0 errors, 0 left on base; Lakewood 7 - Great Lakes 1 |
| BOTTOM OF THE 4TH |
|
Great Lakes Loons batting - Pitching for Lakewood BlueClaws : RHP William-Floyd Goof
|
|
Batting: RHB Mike Sims
|
0-0: Ball 1-0: Ball 2-0: Swinging Strike 2-1: Fly out, F7 (Flyball, 7, EV 84.4 MPH)
|
|
Batting: LHB Jim Chalk
|
0-0: Called Strike 0-1: Ball 1-1: Swinging Strike 1-2: Strikes out swinging
|
|
Batting: LHB Alberto Chavez
|
0-0: Ball 1-0: Ball 2-0: Ball 3-0: Called Strike 3-1: Base on Balls
|
|
Batting: RHB Phil Knox
|
0-0: Ball 1-0: SINGLE (Line Drive, 4D, EV 94.4 MPH) Alberto Chavez to second
|
|
Batting: RHB Josh Kimbrell
|
0-0: Called Strike 0-1: Swinging Strike 0-2: Ball 1-2: Fielders Choice at 2nd, U6 (Groundball, 6M, EV 79.4 MPH)
|
| Bottom of the 4th over - 0 runs, 1 hit, 0 errors, 2 left on base; Lakewood 7 - Great Lakes 1 |
| TOP OF THE 5TH |
|
Lakewood BlueClaws batting - Pitching for Great Lakes Loons : RHP Mark McDonald
|
|
Batting: RHB Kyle Morse
|
0-0: Called Strike 0-1: Ball 1-1: Ball 2-1: Ball 3-1: Foul Ball, location: 2F 3-2: Base on Balls
|
|
Pitching: RHP Bobby Primaticcio
|
|
|
Batting: LHB Troy Hodge
|
0-0: Grounds into double play, 4-6-3 (Groundball, 4, EV 95.0 MPH)
|
|
Batting: RHB Pablo Lopez
|
0-0: Ball 1-0: Ball 2-0: Ball 3-0: Base on Balls
|
|
Batting: RHB Pedro Mata
|
0-0: Called Strike 0-1: SINGLE (Groundball, 34D, EV 103.8 MPH) Pablo Lopez to second Runner from 2nd tries for 3rd, SAFE, throw by RF made to third
|
|
Batting: RHB Steve Jones
|
0-0: Called Strike 0-1: Ball 1-1: Foul Ball, location: 2F 1-2: Ball 2-2: Foul Ball, location: 2F 2-2: Ball 3-2: Fly out, F8 (Line Drive, 8RD, EV 92.5 MPH)
|
| Top of the 5th over - 0 runs, 1 hit, 0 errors, 2 left on base; Lakewood 7 - Great Lakes 1 |
| BOTTOM OF THE 5TH |
|
Great Lakes Loons batting - Pitching for Lakewood BlueClaws : RHP William-Floyd Goof
|
|
Batting: RHB Santos Guadalupe
|
0-0: Called Strike 0-1: Ground out 6-3 (Groundball, 6, EV 80.0 MPH)
|
|
Batting: RHB Ken Jenkins
|
0-0: Ground out 4-3 (Groundball, 34, EV 90.6 MPH)
|
|
Batting: RHB Alex Mejia
|
0-0: Fly out, F8 (Flyball, 89M, EV 91.9 MPH)
|
| Bottom of the 5th over - 0 runs, 0 hits, 0 errors, 0 left on base; Lakewood 7 - Great Lakes 1 |
| TOP OF THE 6TH |
|
Lakewood BlueClaws batting - Pitching for Great Lakes Loons : RHP Bobby Primaticcio
|
|
Batting: RHB Alberto Ramirez
|
0-0: Called Strike 0-1: Ball 1-1: Ball 2-1: Ball 3-1: Base on Balls
|
|
Pitching: RHP Angel Rivas
|
|
|
Batting: SHB Bob Dixon
|
0-0: Called Strike Alberto Ramirez steals 2nd base 0-1: 2-RUN HOME RUN (Line Drive, 9D, EV 97.5 MPH), Distance : 379 ft
|
|
Batting: RHB Victor Arroyo
|
0-0: Ball 1-0: Called Strike 1-1: Foul Ball, location: 2F 1-2: Ball 2-2: Strikes out looking
|
|
Batting: RHB Danny Krug
|
0-0: Ball 1-0: Swinging Strike 1-1: Foul Ball, location: 2F 1-2: Foul Ball, location: 2F 1-2: Ball 2-2: Strikes out looking
|
|
Batting: RHB Kyle Morse
|
0-0: Ball 1-0: Swinging Strike 1-1: Swinging Strike 1-2: Foul Ball, location: 2F 1-2: Ball 2-2: Strikes out swinging
|
| Top of the 6th over - 2 runs, 1 hit, 0 errors, 0 left on base; Lakewood 9 - Great Lakes 1 |
| BOTTOM OF THE 6TH |
|
Great Lakes Loons batting - Pitching for Lakewood BlueClaws : RHP William-Floyd Goof
|
|
Batting: LHB Antonio Luis
|
0-0: Called Strike 0-1: Ball 1-1: Ball 2-1: Ball 3-1: Foul Ball, location: 2F 3-2: Base on Balls
|
|
Batting: RHB Mike Sims
|
0-0: Foul Ball, location: 2F 0-1: Foul Ball, location: 2F 0-2: Ball 1-2: Strikes out swinging
|
|
Batting: LHB Jim Chalk
|
0-0: Foul Ball, location: 2F 0-1: Ball 1-1: Ball 2-1: Called Strike 2-2: Ball 3-2: Foul Ball, location: 2F 3-2: Foul Ball, location: 2F 3-2: Foul Ball, location: 2F 3-2: Strikes out looking
|
|
Pitching: RHP Dustin Hensley
|
|
|
Batting: LHB Alberto Chavez
|
0-0: Called Strike 0-1: Ball 1-1: Ball 2-1: Fielders Choice at 2nd, 6-4 (Groundball, 6, EV 91.9 MPH)
|
| Bottom of the 6th over - 0 runs, 0 hits, 0 errors, 1 left on base; Lakewood 9 - Great Lakes 1 |
| TOP OF THE 7TH |
|
Lakewood BlueClaws batting - Pitching for Great Lakes Loons : RHP Angel Rivas
|
|
Pitching: RHP Servaas Morrow
|
|
|
Batting: LHB Troy Hodge
|
0-0: Ball 1-0: Ball 2-0: Ball 3-0: Called Strike 3-1: Base on Balls
|
|
Batting: RHB Pablo Lopez
|
0-0: Fly out, F9 (Flyball, 9, EV 80.6 MPH)
|
|
Batting: RHB Pedro Mata
|
0-0: SINGLE (Groundball, 6D, EV 110.6 MPH) Troy Hodge to second
|
|
Pinch Hitting: SHB Mike Rueth
|
0-0: Ball 1-0: Ball 2-0: Ball 3-0: Called Strike 3-1: Base on Balls Troy Hodge to third Pedro Mata to second
|
|
Batting: RHB Alberto Ramirez
|
0-0: Called Strike 0-1: Ball 1-1: Called Strike 1-2: Ball 2-2: Foul Ball, location: 2F 2-2: Ball 3-2: Base on Balls Troy Hodge scores Pedro Mata to third Mike Rueth to second
|
|
Pitching: RHP Santiago Montero
|
|
|
Batting: SHB Bob Dixon
|
0-0: Called Strike 0-1: Ball Wild Pitch! Pedro Mata scores Mike Rueth to third Alberto Ramirez to second 1-1: Swinging Strike 1-2: Strikes out looking
|
|
Batting: RHB Victor Arroyo
|
0-0: Foul Ball, location: 2F 0-1: Fly out, F8 (Flyball, 8RM, EV 77.5 MPH)
|
| Top of the 7th over - 2 runs, 1 hit, 0 errors, 2 left on base; Lakewood 11 - Great Lakes 1 |
| BOTTOM OF THE 7TH |
|
Great Lakes Loons batting - Pitching for Lakewood BlueClaws : RHP Dustin Hensley
|
|
Now at 3B: Mike Rueth
|
|
|
Pinch Hitting: RHB Jeremy Beltron
|
0-0: Ball 1-0: Called Strike 1-1: Foul Ball, location: 2F 1-2: Fly out, F8 (Flyball, 8RXD, EV 90.6 MPH)
|
|
Batting: RHB Josh Kimbrell
|
0-0: Ground out U3 (Groundball, 3, EV 83.8 MPH)
|
|
Batting: RHB Santos Guadalupe
|
0-0: Called Strike 0-1: Swinging Strike 0-2: Strikes out looking
|
| Bottom of the 7th over - 0 runs, 0 hits, 0 errors, 0 left on base; Lakewood 11 - Great Lakes 1 |
| TOP OF THE 8TH |
|
Lakewood BlueClaws batting - Pitching for Great Lakes Loons : RHP Santiago Montero
|
|
Now at 2B: Mike Sims
|
|
|
Now in LF: Jeremy Beltron
|
|
|
Batting: RHB Danny Krug
|
0-0: Called Strike 0-1: Ball 1-1: Ball 2-1: Called Strike 2-2: Strikes out swinging
|
|
Batting: RHB Kyle Morse
|
0-0: Foul Ball, location: 2F 0-1: Fly out, F3 (Popup, 3S, EV 73.1 MPH)
|
|
Batting: LHB Troy Hodge
|
0-0: Ball 1-0: Foul Ball, location: 2F 1-1: Foul Ball, location: 2F 1-2: Strikes out looking
|
| Top of the 8th over - 0 runs, 0 hits, 0 errors, 0 left on base; Lakewood 11 - Great Lakes 1 |
| BOTTOM OF THE 8TH |
|
Great Lakes Loons batting - Pitching for Lakewood BlueClaws : RHP Dustin Hensley
|
|
Pinch Hitting: RHB Jerry Sanchez
|
0-0: Swinging Strike 0-1: Swinging Strike 0-2: Ball 1-2: Strikes out swinging
|
|
Batting: RHB Alex Mejia
|
0-0: DOUBLE (Line Drive, 9LM, EV 106.9 MPH)
|
|
Batting: LHB Chris Barrera
|
0-0: Fly out, F4 (Line Drive, 4, EV 73.8 MPH) Lined into DP, 4-6 (Line Drive, 4, EV 67.5 MPH)
|
| Bottom of the 8th over - 0 runs, 1 hit, 0 errors, 0 left on base; Lakewood 11 - Great Lakes 1 |
| TOP OF THE 9TH |
|
Lakewood BlueClaws batting - Pitching for Great Lakes Loons : RHP Santiago Montero
|
|
Now at 3B: Jerry Sanchez
|
|
|
Now at SS: Santos Guadalupe
|
|
|
Batting: RHB Pablo Lopez
|
0-0: Ball 1-0: Foul Ball, location: 2F 1-1: Foul Ball, location: 2F 1-2: Foul Ball, location: 2F 1-2: Strikes out swinging
|
|
Pitching: LHP Bill Esten
|
|
|
Batting: RHB Pedro Mata
|
0-0: Ball 1-0: Swinging Strike 1-1: Foul Ball, location: 2F 1-2: Ball 2-2: Ground out 4-3 (Groundball, 4S, EV 83.8 MPH)
|
|
Batting: SHB Mike Rueth
|
0-0: Ball 1-0: Ball 2-0: Ball 3-0: Base on Balls
|
|
Batting: RHB Alberto Ramirez
|
0-0: Called Strike 0-1: Ball 1-1: Fly out, F4 (Popup, 4S, EV 64.4 MPH)
|
| Top of the 9th over - 0 runs, 0 hits, 0 errors, 1 left on base; Lakewood 11 - Great Lakes 1 |
| BOTTOM OF THE 9TH |
|
Great Lakes Loons batting - Pitching for Lakewood BlueClaws : RHP Dustin Hensley
|
|
Batting: RHB Mike Sims
|
0-0: Ball 1-0: Ball 2-0: Ball 3-0: Called Strike 3-1: Base on Balls
|
|
Batting: LHB Jim Chalk
|
0-0: Called Strike 0-1: Hit by Pitch Mike Sims to second
|
|
Pinch Hitting: RHB Jayden Copeland
|
0-0: SINGLE (Groundball, 6D, EV 108.1 MPH) Mike Sims to third Jim Chalk to second
|
|
Batting: RHB Jeremy Beltron
|
0-0: Ball 1-0: Called Strike 1-1: DOUBLE (Flyball, 8LXD, EV 92.5 MPH) Mike Sims scores Jim Chalk scores Jayden Copeland to third
|
|
Pinch Hitting: RHB Sean Tanner
|
0-0: DOUBLE (Line Drive, 89XD, EV 106.2 MPH) Jayden Copeland scores Jeremy Beltron scores
|
|
Pitching: RHP Ricardo Dominguez
|
|
|
Batting: RHB Santos Guadalupe
|
0-0: Ball 1-0: Ball 2-0: Foul Ball, location: 2F 2-1: Foul Ball, location: 2F 2-2: Foul Ball, location: 2F 2-2: Ground out 1-3 (Groundball, 13, EV 69.4 MPH) Sean Tanner to third
|
|
Batting: RHB Jerry Sanchez
|
0-0: Foul Ball, location: 2F 0-1: Foul Ball, location: 2F 0-2: Ball 1-2: Strikes out swinging
|
|
Batting: RHB Alex Mejia
|
0-0: Ball 1-0: Fly out, F9 (Flyball, 9D, EV 95.6 MPH)
|
| Bottom of the 9th over - 4 runs, 3 hits, 0 errors, 1 left on base; Lakewood 11 - Great Lakes 5 |
|